Cogmind - Beta 16 @@@ ROGUE MODE // 2025.12.09 @ 15:40:59 Player: EuleBlut Result: Destroyed by Y-45 Defender with Heavy Assault Rifle Performance ------------- Evolutions (2) 1000 Regions Visited (6) 1200 Robots Destroyed (52) 260 Value Destroyed (1437) 1437 Prototype IDs (0) 0 Alien Tech Used (0) 0 Bonus (300) 300 TOTAL SCORE: 4197 Bonus ------- Aligned with FarCom 300 Cogmind --------- Core Integrity 0/550 Matter 190/300 Energy 99/100 System Corruption 16% Temperature Cool (9) Movement Core (350) Ox6 Location -8/Storage Parts ------- > --- POWER (1) -------- (None) > --- PROPULSION (4) --- (None) > --- UTILITY (4) ------ Large Storage Unit Structural Scanner > --- WEAPON (2) ------- (None) > --- INVENTORY (15) --- Light Ion Engine Light Ion Engine Light Ion Engine Peak State ------------ > --- POWER ------------ Light Deuterium Engine > --- PROPULSION ------- Wheel Cesium-ion Thruster Cesium-ion Thruster Cesium-ion Thruster > --- UTILITY ---------- Large Storage Unit Advanced Targeting Computer Shield Generator System Shield > --- WEAPON ----------- Light Assault Rifle Missile Launcher > --- INVENTORY -------- Light Ion Engine Light Ion Engine Light Ion Engine Light Ion Engine Light Ion Engine Light Nuclear Core Wheel Wheel Improved Heat Sink Structural Scanner Improved Terrain Scanner Assault Rifle [Rating: 27] Favorites ----------- Power Light Ion Engine Engine Light Ion Engine Power Core Light Nuclear Core Propulsion Light Treads Treads Light Treads Wheel Wheel Flight Unit Cesium-ion Thruster Utility Shield Generator Device Shield Generator Storage Large Storage Unit Processor Advanced Targeting Computer Hackware System Shield Weapon Light Assault Rifle Ballistic Gun Light Assault Rifle Launcher Missile Launcher Build | -11 -10 -10 -10 -9 -8 -8 ------- Run | Yrd Mat Min Exi Min Mat Sto Slots Evolved 4 | . . . . . 4 . Power . | . . . . . . . Propulsion 2 | . . . . . 2 . Utility 2 | . . . . . 2 . Weapon . | . . . . . . . Parts Attached 38 | 5 2 3 1 . 12 15 Power 6 | . 1 1 . . 1 3 Engine 5 | . 1 1 . . 1 2 Core 1 | . . . . . . 1 Reactor . | . . . . . . . Propulsion 12 | 2 . . . . 4 6 Treads 2 | 2 . . . . . . Leg . | . . . . . . . Wheel 6 | . . . . . 4 2 Hover . | . . . . . . . Flight 4 | . . . . . . 4 Utility 13 | 1 1 1 1 . 5 4 Device 8 | . 1 1 . . 2 4 Storage 2 | 1 . . 1 . . . Processor 2 | . . . . . 2 . Hackware 1 | . . . . . 1 . Protection . | . . . . . . . Artifact . | . . . . . . . Weapon 7 | 2 . 1 . . 2 2 Energy Gun . | . . . . . . . Energy Cannon . | . . . . . . . Ballistic Gun 3 | 2 . 1 . . . . Ballistic Cannon . | . . . . . . . Launcher 4 | . . . . . 2 2 Special Weapon . | . . . . . . . Impact Weapon . | . . . . . . . Slashing Weapon . | . . . . . . . Piercing Weapon . | . . . . . . . Special Melee Weapon . | . . . . . . . Unidentified Prototypes . | . . . . . . . Parts Lost 32 | . 1 1 . . 7 23 Power 6 | . . 1 . . 1 4 Propulsion 11 | . . . . . 2 9 Utility 9 | . 1 . . . 2 6 Weapon 6 | . . . . . 2 4 Highest Loss Streak 13 | . 1 1 . . 6 13 To Critical Strikes . | . . . . . . . Average Backups 8 | 2 6 7 8 8 10 9 Power 3 | 1 1 2 3 3 4 4 Propulsion 1 | . 2 2 2 2 1 2 Utility 2 | . 3 3 3 3 2 1 Weapon . | . . . . . 2 1 Tool/Special . | . . . . . . . Unused Backups 3 | . . . . . . 3 Power 3 | . . . . . . 3 Propulsion . | . . . . . . . Utility . | . . . . . . . Weapon . | . . . . . . . Tool/Special . | . . . . . . . Average Slot Usage (%) 91 | . 91 88 100 100 86 87 Engine 11 | . 14 14 14 14 9 8 Treads 15 | . 28 28 28 28 10 . Wheel 11 | . . . . . 14 24 Flight 1 | . . . . . . 5 Device 11 | . 6 3 14 14 8 13 Storage 11 | . 14 14 14 14 9 9 Processor 3 | . . . . . 9 4 Hackware 3 | . . . . . 7 4 Ballistic Gun 17 | . 28 28 28 28 9 8 Launcher 4 | . . . . . 7 8 Peak Build Rating 27 | 5 9 9 9 9 21 27 Average Rating 13 | 4 7 7 9 9 18 18 On Entrance 8 | . 5 7 9 9 9 18 Avg Prop Armor Cover (%) 5 | . . . . . 14 4 Naked Turns . | . . . . . . . Heaviest Build 34 | 8 13 13 28 28 34 34 Greatest Support 40 | 40 40 40 40 40 40 40 Greatest Overweight (x) 6 | . . . . . 1 6 Average Overweight (x) . | . . . . . . . Largest Inventory Capacity 15 | 8 8 8 15 15 15 15 Average Capacity 12 | 7 8 8 11 15 15 15 Most Carried 15 | 4 8 8 8 9 13 15 Average Carried 8 | 2 7 7 8 8 10 9 Final Capacity 15 | 8 8 8 15 15 15 15 Final Carried 9 | 4 8 8 8 9 8 3 Class Distribution -------------------- 65% | Mutant 34% | Scavenger-Mutant Dominant Class ---------------- Mutant | -10/Materials Mutant | -10/Mines Mutant | -10/Exiles Mutant | -9/Mines Mutant | -8/Materials Scavenger-Mutant | -8/Storage Resources | -11 -10 -10 -10 -9 -8 -8 ----------- Run | Yrd Mat Min Exi Min Mat Sto Matter Collected 1062 | 244 121 36 . 64 136 461 Remotely . | . . . . . . . Salvage Created 1380 | . 131 47 . 49 357 796 Parts 85 | . 8 6 . 5 28 38 Haulers Intercepted 2 | . . . . . . 2 Recyclers Shooed 8 | . . . . 2 . 6 Parts Field Recycled . | . . . . . . . Retrieved Matter . | . . . . . . . Parts Self-Destructed . | . . . . . . . Prevented . | . . . . . . . Parts Restored . | . . . . . . . Kills | -11 -10 -10 -10 -9 -8 -8 ------- Run | Yrd Mat Min Exi Min Mat Sto Combat Hostiles Destroyed 34 | . 5 3 . 3 7 16 Guns 12 | . 5 3 . 3 1 . AOE 22 | . . . . . 6 16 Classes Destroyed 10 | . 2 . . . 7 1 Worker 4 | . . . . . 1 3 Builder 5 | . . . . . 3 2 Hauler 2 | . . . . . . 2 Recycler 4 | . . . . . 1 3 Operator 1 | . . . . . 1 . Watcher 2 | . . . . . 2 . Swarmer 9 | . 3 3 . 3 . . Grunt 18 | . 2 . . . 5 11 Sentry 6 | . . . . . 1 5 Hunter 1 | . . . . . 1 . Best Kill Streak 8 | . 4 3 . 3 8 8 Combat Bots Only 5 | . 4 3 . 3 3 5 Max Kills in Single Turn 5 | . 1 1 . 1 2 5 Gunslinging . | . . . . . . . Exploded 3 | . . . . . 1 3 Melee . | . . . . . . . Uniques/NPCs Destroyed . | . . . . . . . Combat | -11 -10 -10 -10 -9 -8 -8 -------- Run | Yrd Mat Min Exi Min Mat Sto Hostile Shots Fired 258 | . 39 20 . 21 57 121 Missed 77 | . 12 7 . 7 13 38 Hits 181 | . 27 13 . 14 44 83 Projectile 181 | . 27 13 . 14 44 83 Critical Strikes 7 | . 2 . . . . 5 Damage Taken 2640 | . 302 95 . 78 564 1601 Core 633 | . 55 6 . 6 64 502 Absorbed by Shields 453 | . 87 11 . 36 193 126 Regen/Repaired (Parts) 117 | . . . . . . 117 Core Remaining (%) 86 | 100 . . . 73 . . Volleys Fired 104 | . 25 5 . 11 34 29 Largest 2 | . 2 2 . 2 2 2 Hottest 56 | . 40 40 . 40 56 56 Shots Fired 169 | . 50 10 . 22 43 44 Gun 142 | . 50 10 . 22 31 29 Cannon . | . . . . . . . Launcher 27 | . . . . . 12 15 Special . | . . . . . . . Kinetic 142 | . 50 10 . 22 31 29 Thermal . | . . . . . . . Explosive 27 | . . . . . 12 15 Electromagnetic . | . . . . . . . Robot Hit Streak 16 | . 10 4 . 3 16 13 Robot Miss Streak 5 | . 3 2 . 3 2 5 Penetration Max . | . . . . . . . Secondary Targets 2 | . 1 . . 1 . . Max Gunslinging Chain 1 | . 1 . . 1 . . Shots Hit Robots 109 | . 31 5 . 10 34 29 Core Hits 92 | . 9 3 . 4 25 51 Critical Kills . | . . . . . . . Critical Parts Destroyed . | . . . . . . . Critical Strikes . | . . . . . . . Melee Attacks . | . . . . . . . Impact . | . . . . . . . Slashing . | . . . . . . . Piercing . | . . . . . . . Sneak Attacks . | . . . . . . . Combat Hostiles . | . . . . . . . Follow-up Attacks . | . . . . . . . Damage Inflicted 3838 | . 351 61 . 115 1230 2081 Guns 858 | . 351 61 . 115 196 135 Cannons . | . . . . . . . Explosions 2902 | . . . . . 1013 1889 Melee . | . . . . . . . Ramming 78 | . . . . . 21 57 Kinetic 858 | . 351 61 . 115 196 135 Thermal . | . . . . . . . Explosive 2902 | . . . . . 1013 1889 Electromagnetic . | . . . . . . . Impact . | . . . . . . . Slashing . | . . . . . . . Piercing . | . . . . . . . Highest Corruption 16 | . . . . . 1 16 Average Corruption 5 | . . . . . 1 7 Corruption Purged . | . . . . . . . Corruption Blocked . | . . . . . . . Effects 42 | . . . . . 7 35 Message Errors 7 | . . . . . 1 6 Matter Fused 10 | . . . . . 2 8 Heat Flow Errors 5 | . . . . . 1 4 Energy Discharges 6 | . . . . . 1 5 Parts Rejected 1 | . . . . . . 1 Data Loss (minor) 6 | . . . . . 1 5 Data Loss (major) 1 | . . . . . . 1 Misfires 1 | . . . . . . 1 Misdirections 3 | . . . . . . 3 Weapon Failures 2 | . . . . . 1 1 Overload Shots . | . . . . . . . Overflow Damage 95 | . . . . . 20 75 Projectiles . | . . . . . . . Explosions 81 | . . . . . 20 61 Melee 14 | . . . . . . 14 Knockbacks . | . . . . . . . Impact . | . . . . . . . Kinetic . | . . . . . . . Secondary . | . . . . . . . Self-Inflicted Damage 209 | . . . . . 32 177 Shots 6 | . . . . . 1 5 Rammed 6 | . . . . . 1 5 Targets Rammed 6 | . . . . . 1 5 Kicked . | . . . . . . . Crushed . | . . . . . . . Highest Temperature 246 | . 28 . . . 246 214 Average Temperature 50 | . 11 . . . 94 69 Received Heat Transfer 902 | . 188 . . . 177 537 Siege Activations . | . . . . . . . Martial Activations . | . . . . . . . Shielding Activations . | . . . . . . . Robots Disrupted . | . . . . . . . Combat Hostiles . | . . . . . . . Robots Corrupted 1 | . . . . . . 1 Combat Hostiles . | . . . . . . . Parts Fried . | . . . . . . . Impact Corruptions 2 | . . . . . . 2 Robots Melted . | . . . . . . . Combat Hostiles . | . . . . . . . Parts Melted . | . . . . . . . Heat Transferred . | . . . . . . . Parts Sabotaged . | . . . . . . . Parts Stolen . | . . . . . . . Parts Stripped . | . . . . . . . Power Chain Reactions . | . . . . . . . Alert | -11 -10 -10 -10 -9 -8 -8 ------- Run | Yrd Mat Min Exi Min Mat Sto Maximum Alert Level 1 | . . . . . . 1 Low Security (%) 97 | 100 100 100 . 100 100 92 Level 1 2 | . . . . . . 7 Level 2 . | . . . . . . . Level 3 . | . . . . . . . Level 4 . | . . . . . . . Level 5 . | . . . . . . . High Security . | . . . . . . . Max Security . | . . . . . . . Peak Influence 221 | . 70 60 . 75 186 221 Initial 44 | . . 7 . . 17 44 Average 66 | . 35 9 . 31 61 100 Influence Increases 1309 | . 120 70 . 85 360 674 Destroy 0b10 Robot/C 680 | . 100 60 . 60 140 320 Destroy 0b10 Robot/NC 90 | . . . . . 40 50 Destroy Leader 158 | . 20 10 . 10 34 84 Successful Hack 12 | . . . . . 2 10 Disable Machine 90 | . . . . . . 90 Destroy Structure 159 | . . . . . 54 105 Partial Spotted 15 | . . . . . . 15 Lose Combat Pursuer 105 | . . . . 15 90 . Influence Decreases 1242 | . 100 68 22 40 299 713 Entered New Map 125 | . . 13 22 . 28 62 Time Decay 827 | . 90 55 . 40 201 441 Lost Part 290 | . 10 . . . 70 210 Squads Dispatched 8 | . 4 . . . 1 3 Investigation 2 | . 2 . . . . . Extermination . | . . . . . . . Reinforcement 5 | . 2 . . . 1 2 Assault . | . . . . . . . Garrison 1 | . . . . . . 1 Intercept . | . . . . . . . Searches Triggered . | . . . . . . . Construction Impeded . | . . . . . . . Haulers Reinforced . | . . . . . . . Active Scanning Responses . | . . . . . . . Cargo Convoy Interrupts . | . . . . . . . Stealth | -11 -10 -10 -10 -9 -8 -8 --------- Run | Yrd Mat Min Exi Min Mat Sto Distress Signals 9 | . 2 . . . 4 3 Communications Jammed . | . . . . . . . Distress Signals . | . . . . . . . Times Spotted 54 | . 4 3 . 4 13 30 Peak Tracking Total 8 | . 6 3 . 3 5 8 Tactical Retreats 5 | . . . . 1 4 . Traps | -11 -10 -10 -10 -9 -8 -8 ------- Run | Yrd Mat Min Exi Min Mat Sto Traps Triggered 8 | . . . . . 2 6 Indirectly . | . . . . . . . Trap Hack Attempts . | . . . . . . . Triggered . | . . . . . . . Disarmed . | . . . . . . . Reprogrammed . | . . . . . . . Reused . | . . . . . . . Traps Extracted . | . . . . . . . Installed . | . . . . . . . Triggered . | . . . . . . . Machines | -11 -10 -10 -10 -9 -8 -8 ---------- Run | Yrd Mat Min Exi Min Mat Sto Machines Disabled 6 | . . . . . . 6 Max in Single Turn 1 | . . . . . . 1 Machines Repaired . | . . . . . . . Machines Dismantled . | . . . . . . . Machines Sabotaged . | . . . . . . . Overloaded Fab Kills . | . . . . . . . Hacking | -11 -10 -10 -10 -9 -8 -8 --------- Run | Yrd Mat Min Exi Min Mat Sto Machines Accessed 10 | . . . 4 . 1 5 Terminals 4 | . . . . . . 4 Fabricators . | . . . . . . . Repair Stations 1 | . . . . . . 1 Recycling Units . | . . . . . . . Scanalyzers 1 | . . . . . 1 . Garrison Access . | . . . . . . . Total Hacks 72 | . . . 49 . 4 19 Successful 65 | . . . 49 . 4 12 Failed 7 | . . . . . . 7 Catastrophic . | . . . . . . . Database Lockouts . | . . . . . . . Manual 5 | . . . 2 . . 3 Terminals 12 | . . . . . . 12 Fabricators . | . . . . . . . Repair Stations 7 | . . . . . . 7 Recycling Units . | . . . . . . . Scanalyzers 4 | . . . . . 4 . Garrison Access . | . . . . . . . Terminal Hacks 56 | . . . 49 . . 7 Record 51 | . . . 49 . . 2 Part Schematic 1 | . . . . . . 1 Emergency Access Points 1 | . . . . . . 1 Alert Level 1 | . . . . . . 1 Dispatch Records 1 | . . . . . . 1 Zone Layout 1 | . . . . . . 1 Fabricator Hacks . | . . . . . . . Repair Station Hacks 5 | . . . . . . 5 Scan Component 3 | . . . . . . 3 Repair 2 | . . . . . . 2 Recycling Unit Hacks . | . . . . . . . Scanalyzer 4 | . . . . . 4 . Insert Component 2 | . . . . . 2 . Analyze 2 | . . . . . 2 . Garrison Access Hacks . | . . . . . . . Unauthorized Hacks . | . . . . . . . Terminals . | . . . . . . . Fabricators . | . . . . . . . Repair Stations . | . . . . . . . Recycling Units . | . . . . . . . Scanalyzers . | . . . . . . . Garrison Access . | . . . . . . . Data Cores Recovered . | . . . . . . . Used . | . . . . . . . Hacking Detections 4 | . . . . . . 4 Full Trace Events . | . . . . . . . Feedback Events . | . . . . . . . Feedback Blocked . | . . . . . . . Robot Schematics Acquired . | . . . . . . . Robots Built . | . . . . . . . Authchips . | . . . . . . . Time . | . . . . . . . Total Robot Build Rating . | . . . . . . . Part Schematics Acquired 2 | . . . . . 1 1 Parts Built . | . . . . . . . Authchips . | . . . . . . . Time . | . . . . . . . Total Part Build Rating . | . . . . . . . Part Studies Acquired . | . . . . . . . Parts Repaired 2 | . . . . . . 2 Time 52 | . . . . . . 52 Parts Recycled . | . . . . . . . Recycled Matter . | . . . . . . . Retrieved Matter . | . . . . . . . Retrieved Components . | . . . . . . . Parts Scanalyzed 2 | . . . . . 2 . Part Schematics Acquired 1 | . . . . . 1 . Parts Damaged . | . . . . . . . Bothacking | -11 -10 -10 -10 -9 -8 -8 ------------ Run | Yrd Mat Min Exi Min Mat Sto Used RIF Installer . | . . . . . . . Robots Hacked . | . . . . . . . Non-combat . | . . . . . . . Combat . | . . . . . . . Robot Hacks Applied . | . . . . . . . Relay Couplers Released . | . . . . . . . Fabnet Peak Effective % . | . . . . . . . Robots Rewired . | . . . . . . . Allies Hacked . | . . . . . . . Hacks Repelled . | . . . . . . . Allies | -11 -10 -10 -10 -9 -8 -8 -------- Run | Yrd Mat Min Exi Min Mat Sto Total Allies . | . . . . . . . Largest Group . | . . . . . . . Highest-Rated Group . | . . . . . . . Highest-Rated Ally . | . . . . . . . Total Orders . | . . . . . . . Ally Attacks . | . . . . . . . Total Damage . | . . . . . . . Kills . | . . . . . . . Allies Corrupted . | . . . . . . . Allies Melted . | . . . . . . . Intel | -11 -10 -10 -10 -9 -8 -8 ------- Run | Yrd Mat Min Exi Min Mat Sto Active Infowar (turns) 625 | . . . . . . 625 Terrain 18 | . . . . . . 18 Structural 607 | . . . . . . 607 Robot Analysis Total . | . . . . . . . Derelict Logs Recovered 1 | . . 1 . . . . Drone Launches . | . . . . . . . Drone Recoveries . | . . . . . . . Exploration | -11 -10 -10 -10 -9 -8 -8 ------------- Run | Yrd Mat Min Exi Min Mat Sto Turns Passed 4371 | 115 222 404 1126 157 971 1376 Spaces Moved 2116 | 56 91 241 702 79 354 593 Core 3 | 1 . . . . . 2 Treads 1325 | 55 91 241 702 79 157 . Legs . | . . . . . . . Wheels 739 | . . . . . 197 542 Hover . | . . . . . . . Flight 49 | . . . . . . 49 Fastest Speed 50 | 50 160 160 160 160 80 80 Average Speed 136 | 158 160 160 160 160 116 101 Slowest Speed 520 | 160 160 160 160 160 160 520 Overloaded Moves . | . . . . . . . Propulsion Burnouts . | . . . . . . . Robots Hopped . | . . . . . . . Potential Cave-ins . | . . . . . . . Cave-ins Triggered 1 | . . . . . . 1 Exploration Rate (%) 37 | 4 19 48 72 31 18 70 Regions Visited 6 Branch Regions 4 Pre-discovered Areas 1 | . . . 1 . . . Known Exits Taken . | . . . . . . . Unknown Exits Taken 6 | 1 1 1 1 1 1 . Scrap Searched 1 | . . . . 1 . . Spaces Dug . | . . . . . . . Terrain Destroyed 197 | . . . . . 79 118 Melee . | . . . . . . . Projectile . | . . . . . . . AOE 197 | . . . . . 79 118 Terrain Rammed . | . . . . . . . Walls Destroyed . | . . . . . . . Machines Disabled . | . . . . . . . Actions | -11 -10 -10 -10 -9 -8 -8 --------- Run | Yrd Mat Min Exi Min Mat Sto Total 3461 | 83 123 251 705 90 873 1336 Wait 1107 | 14 . . 1 . 461 631 Move 2110 | 55 90 240 701 78 353 593 Hop . | . . . . . . . Pick Up 41 | 9 6 2 . 1 10 13 Fast Attach . | . . . . . . . Attach 48 | 5 2 2 . . 12 27 Detach 11 | . . . . . 2 9 Swap 2 | . . 1 1 . . . Drop 2 | . . 1 1 . . . Fire 104 | . 25 5 . 11 34 29 Melee . | . . . . . . . Ram 6 | . . . . . 1 5 Kick . | . . . . . . . Crush . | . . . . . . . Escape Stasis 29 | . . . . . . 29 Rewire 1 | . . . 1 . . . Trap . | . . . . . . . Miscellaneous . | . . . . . . . Route ------- -11/Scrapyard -10/Materials (discovered 2 exits: [*Min x2]) -10/Mines -10/Exiles (discovered 2 exits: [*Min x2]) -9/Mines -8/Materials -8/Storage History --------- Turn | Location | Event 17 | -11/Scrapyard | Discovered new exit (range 15) 116 | -11/Scrapyard | Entered Materials 265 | -10/Materials | Discovered new exit (range 15) 278 | -10/Materials | Met 8R-AWN 317 | -10/Materials | Build established: Mutant 329 | -10/Materials | Discovered new exit (range 6) 338 | -10/Materials | Entered Mines 340 | -10/Mines | Followed 8R-AWN into the Mines 535 | -10/Mines | Learned Materials security intel 580 | -10/Mines | Discovered new exit (range 5) 742 | -10/Mines | Entered Exiles 787 | -10/Exiles | Welcomed by 8R-AWN 816 | -10/Exiles | Met EX-HEX 869 | -10/Exiles | Met EX-BIN 912 | -10/Exiles | Aligned with FarCom system 914 | -10/Exiles | Given EX-Vault access code 1085 | -10/Exiles | Met EX-DEC 1123 | -10/Exiles | Learned location of Zion (-6) 1381 | -10/Exiles | Discovered new exit (range 14) 1607 | -10/Exiles | Learned about 8R-AWN's background 1652 | -10/Exiles | Discovered new exit (range 15) 1868 | -10/Exiles | Entered Mines 1885 | -9/Mines | Met a Derelict bent on vengeance 1993 | -9/Mines | Discovered new exit (range 4) 2025 | -9/Mines | Entered Materials 2025 | -8/Materials | Evolved 4 slots: Propulsion x2, Utility x2 2614 | -8/Materials | Discovered new exit (range 12) 2624 | -8/Materials | Lost 6 parts (1p2n2u1w) 2927 | -8/Materials | Build established: Scavenger-Mutant 2996 | -8/Materials | Entered Storage 3532 | -8/Storage | Repaired Lgt. Assault Rifle 3560 | -8/Storage | Repaired Wheel 3754 | -8/Storage | Crushed by falling debris 3754 | -8/Storage | System corruption reached 10% 3785 | -8/Storage | Lost 8 parts (2p2n3u1w) 4335 | -8/Storage | Garrison activated, responded to threat 4340 | -8/Storage | Core integrity fell below 50% 4360 | -8/Storage | Core integrity fell below 20% 4372 | -8/Storage | Destroyed by Y-45 Defender with Heavy Assault Rifle Last Messages --------------- G-47 Trooper destroyed. Critical hit (Burn: +37). U-05 Engineer lays Concrete. R-06 Scavenger collects Aluminum Leg. K-01 Serf collects debris. U-05 Engineer lays Concrete. U-05 Engineer builds a Wall. U-05 Engineer lays Concrete. Lgt. Ion Engine destroyed. R-06 Scavenger collects Lgt. Nuclear Core. U-05 Engineer lays Concrete. K-01 Serf collects debris. U-05 Engineer builds a Wall. U-05 Engineer lays Concrete. K-01 Serf collects debris. R-06 Scavenger collects Adv. Heat Sink. U-05 Engineer builds a Wall. Cesium-ion Thruster destroyed. K-01 Serf collects debris. U-05 Engineer builds a Door. Map ----- +----------------------------------------------------+ | ?????????????????????????????????????????????????? | | ?????????????????????????????????????????????????? | | ?????????????????????????????????????????????????? | | ?????????????????????????????????????????????????? | | ?????????????????????????????????????????????????? | | ?????????????????????????????????????????????????? | | ?????????????????????????????????????????????????? | | ?????????????????????????????????????????????????? | | ?????????????????????????????????????????????????? | | ?????????????????????????????????????????????????? | | ?????????????????????????????????????????????????? | | ?????????????????????????????????????????????????? | | ?????????????????????????????????????????????????? | | ?????????????????????????????????????##########??? | | ????????????????????????????????????###########??? | | ????????????????????????????????????### ##??? | | ????????????????????????????????????## [##??? | | ????????????????????????????????????### ##### | | ?????????????????????????????????????## """ ##### | | ?????????????????????????????????????## """ + | | ????????????????#############????????## """ #### | | ????????????????#############??#############+#### | | ????????????????## Y ##?############## #### | | ????????????????### ##?###"T"#### # # | | ?????????????????## ##?## # # | | ?????????????????## @ ##### """ ##""" # | | ?????????????????## " ####^ """ ##"R ## | | ?????????????????## " ####^ """ ##""" ## | | ?????????????????## Y ### ## | | ?????????????????## Y% % ### ## # | | ????????????#T #### %% % #####+##+##+##+### % | | ????????????##+########Y###k###### | | ????????? u= r ##### ##+#####+## | | ????????? ##### # # % | | ????????? w # # | | ?????????####+#########+############# # | | ?????????###T ### ######### # + | | ?????????????????????? ???????????## # | | ?????????????????????????????######## # | | ?????????????????????????????# """ # ###### | | ?????????????????????????????# """ # | | ????????????????????????????## "" # ######## ## | | ????????????????????????????## # ##?######## | | ????????????????????????????## # ####?###### | | ????????????????????########?# % # # # # | | #?????#############?# ####+##+## #### # | | #?????# #?# + / """ # | | #?????# #?# # # """ # | | #?????# #?# # " # """ # | | #?????# """"" #?# # "T # + | +----------------------------------------------------+ Best States ------------- Heat Dissipation 59 Energy Generation 14 Energy Capacity 160 Matter Stores 300 Matter Capacity 300 Sight Range 16 Terrain Scan Range 16 Terrain Scan Density 10 Evasion (%) 44 Targeting Accuracy 8 Recoil Reduction 2 Defensive Hacking 10 Item Schematics ----------------- Lgt. Ion Engine | -8/Materials | Scanalyzed Hacking Suite | -8/Storage | Hacked Robot Schematics ------------------ None Fabricated ------------ Nothing Repaired ---------- Lgt. Assault Rifle | 1% | -8/Storage Wheel | 5% | -8/Storage Studied --------- None Alien Tech Used ----------------- None Achievements -------------- Follow The Leader Hey, That's Mine! Librarian Maybe Next Time I'll Detach My Launcher Power Corrupts Sixth Sense System Compromised Unlikely Earthworm Challenges ------------ None Game ------ Seed AssaultVariableWell Manual? 0 Play Time 00:41:11 Cumulative 4.2 hours Start 2025.12.09 @ 15:02:48 End 2025.12.09 @ 15:40:59 Sessions 1 Manual Loads 0 Difficulty Rogue Special Mode None Game No. 11 Rogue 10 Adventurer 0 Explorer 1 Win Type - Total 0 Types 0/0/0/0/0/0/0/0/0/0 Lore% 8 Gallery% 7 Achievement% 8 Wizard Run 0 Options --------- Layout 1 ASCII 0 Keyboard 0 Movement Mouse Keybinds 0 Fullscreen 2 Font 24/Smallcaps Map View 50x35 Zoom Use 0% Tactical HUD 0 Map Filters NONE Filters NONE Steam 1 RUN: a0581010-2f41-4549-8d18-ccc07c5de2d2